[Event "45th FIDE Olympiad 2024"]
[Site "Budapest"]
[Date "2024.09.13"]
[Round "3.118"]
[White "Razanadrakotoarisoa, Toavina"]
[Black "Bersamina, Paulo"]
[Result "0-1"]
[ECO "E92"]
[WhiteElo "2147"]
[BlackElo "2425"]
[Annotator "RC"]
[PlyCount "84"]
[EventDate "2024.09.05"]
[EventType "team-tourn"]
[EventCountry "HUN"]
[SourceTitle "playchess.com"]
[Source "ChessBase"]
[SourceQuality "1"]
[WhiteTeam "Madagascar"]
[BlackTeam "Philippines"]
[WhiteTeamCountry "MAD"]
[BlackTeamCountry "PHI"]
[TimeControl "40/5400+30:1800+30"]

1. d4 Nf6 2. c4 g6 3. Nc3 Bg7 4. e4 d6 5. Nf3 O-O 6. Be2 Nbd7 7. Bg5 h6 8. Bh4 e5 9. dxe5 dxe5 10. Qc2 c6 11. O-O-O Qc7 12. Nd2 Nc5 13. Nb3 Ne6 14. Bg3 Nd7 15. Bg4 Ndc5 16. Nxc5 Nxc5 17. Bxc8 Qxc8 18. f3 Ne6 19. Ne2 a5 20. Rd6 a4 21. a3 Qb8 22. Rhd1 b5 23. Kb1 b4 24. axb4 a3 25. bxa3 Rxa3 26. Qb2 Ra4 27. b5 Rxc4 28. Rxc6 Rxc6 29. bxc6 Qa8 30. Rd5 Qxc6 31. Bf2 Rc8 32. Rd3 Qa4 33. Qb3 Qe8 34. Rd6 Bf8 35. Rb6 Bc5 36. Bxc5 Nxc5 37. Qb5 Qd8 38. Nc1 Qc7 39. Na2 Nd7 40. Rb7 Qc2+ 41. Ka1 Nc5 42. Rb6 Rd8 0-1

[Event "45th FIDE Olympiad 2024"]
[Site "Budapest"]
[Date "2024.09.13"]
[Round "3.119"]
[White "Gomez, John Paul"]
[Black "Andrianiaina, Heritiana"]
[Result "1-0"]
[ECO "D32"]
[WhiteElo "2408"]
[BlackElo "2149"]
[Annotator "RC"]
[PlyCount "55"]
[EventDate "2024.09.05"]
[EventType "team-tourn"]
[EventCountry "HUN"]
[SourceTitle "playchess.com"]
[Source "ChessBase"]
[SourceQuality "1"]
[WhiteTeam "Philippines"]
[BlackTeam "Madagascar"]
[WhiteTeamCountry "PHI"]
[BlackTeamCountry "MAD"]
[TimeControl "40/5400+30:1800+30"]

1. d4 d5 2. c4 e6 3. Nc3 a6 4. e3 Nf6 5. Nf3 c5 6. cxd5 exd5 7. Be2 Nc6 8. O-O Be7 9. b3 O-O 10. Bb2 Be6 11. Rc1 b6 12. Ne5 Nxe5 13. dxe5 Ne4 14. Nxe4 dxe4 15. Qc2 Qd5 16. f4 exf3 17. Bxf3 Qd7 18. Rfd1 Qa7 19. Bxa8 Qxa8 20. Qf2 a5 21. Qf4 h6 22. h4 a4 23. bxa4 c4 24. Rxc4 Bc5 25. Rc3 Bxa2 26. Rxc5 bxc5 27. e6 fxe6 28. Qc7 1-0

[Event "45th FIDE Olympiad 2024"]
[Site "Budapest"]
[Date "2024.09.13"]
[Round "3.120"]
[White "Andriamasoandro, Miora"]
[Black "Garcia, Jan Emmanuel"]
[Result "0-1"]
[ECO "E73"]
[WhiteElo "2116"]
[BlackElo "2380"]
[Annotator "RC"]
[PlyCount "90"]
[EventDate "2024.09.05"]
[EventType "team-tourn"]
[EventCountry "HUN"]
[SourceTitle "playchess.com"]
[Source "ChessBase"]
[SourceQuality "1"]
[WhiteTeam "Madagascar"]
[BlackTeam "Philippines"]
[WhiteTeamCountry "MAD"]
[BlackTeamCountry "PHI"]
[TimeControl "40/5400+30:1800+30"]

1. d4 Nf6 2. c4 g6 3. Nc3 Bg7 4. e4 d6 5. Be2 O-O 6. Be3 Na6 7. h3 c5 8. Nf3 cxd4 9. Nxd4 Nc5 10. Qc2 b6 11. b4 Ne6 12. Rd1 Nxd4 13. Bxd4 Bb7 14. O-O Qc7 15. Nd5 Bxd5 16. exd5 a5 17. a3 Nd7 18. Bxg7 Kxg7 19. Qb2+ Kg8 20. f4 axb4 21. axb4 Ra7 22. Rfe1 Rfa8 23. Bd3 Ra2 24. Qd4 Nf6 25. Re3 R8a4 26. b5 Qa7 27. Rde1 Ra1 28. Bb1 Rb4 29. Rxe7 Rbxb1 30. Rxa7 Rxe1+ 31. Kh2 Rh1+ 32. Kg3 Nh5+ 33. Kh4 Rxa7 34. Qxb6 Ra4 35. Qxd6 Rxc4 36. g3 h6 37. b6 Rb1 38. Qe7 Kg7 39. b7 Nf6 40. g4 Rxf4 41. Kg3 Rb3+ 42. Kg2 Rd4 43. Kf1 Rb1+ 44. Kf2 Rb2+ 45. Kf3 Rd3+ 0-1

[Event "45th FIDE Olympiad 2024"]
[Site "Budapest"]
[Date "2024.09.13"]
[Round "3.121"]
[White "Bai, Adelard"]
[Black "Galaviz Medina, Sion Radamantys"]
[Result "1/2-1/2"]
[ECO "E01"]
[WhiteElo "2378"]
[BlackElo "2488"]
[Annotator "RC"]
[PlyCount "77"]
[EventDate "2024.09.05"]
[EventType "team-tourn"]
[EventCountry "HUN"]
[SourceTitle "playchess.com"]
[Source "ChessBase"]
[SourceQuality "1"]
[WhiteTeam "Chinese Taipei"]
[BlackTeam "Mexico"]
[BlackTeamCountry "MEX"]
[TimeControl "40/5400+30:1800+30"]

1. d4 Nf6 2. c4 e6 3. Nf3 d5 4. g3 Nc6 5. Bg2 Bd6 6. O-O O-O 7. Bg5 h6 8. Bxf6 Qxf6 9. cxd5 exd5 10. Nc3 Ne7 11. e4 dxe4 12. Nxe4 Qe6 13. Re1 Qd7 14. Ne5 Bxe5 15. dxe5 Qb5 16. Qc2 Nc6 17. Nc3 Qc5 18. Qe4 Re8 19. Nd5 Rxe5 20. Qf4 Qd6 21. Red1 Rb8 22. Rac1 Re2 23. b4 a6 24. Qc4 Re8 25. a4 Rd8 26. Ne3 Qe7 27. Rxd8+ Nxd8 28. Nd5 Qd6 29. Qxc7 Qxc7 30. Rxc7 Be6 31. Nf4 Bb3 32. a5 Ba4 33. Nd3 Ne6 34. Rc1 b6 35. Bc6 Nd4 36. Bxa4 Ne2+ 37. Kg2 Nxc1 38. Nxc1 bxa5 39. bxa5 1/2-1/2

[Event "45th FIDE Olympiad 2024"]
[Site "Budapest"]
[Date "2024.09.13"]
[Round "3.122"]
[White "Hernandez Guerrero, Gilberto"]
[Black "Song, Raymond"]
[Result "0-1"]
[ECO "C65"]
[WhiteElo "2482"]
[BlackElo "2503"]
[Annotator "RC"]
[PlyCount "96"]
[EventDate "2024.09.05"]
[EventType "team-tourn"]
[EventCountry "HUN"]
[SourceTitle "playchess.com"]
[Source "ChessBase"]
[SourceQuality "1"]
[WhiteTeam "Mexico"]
[BlackTeam "Chinese Taipei"]
[WhiteTeamCountry "MEX"]
[TimeControl "40/5400+30:1800+30"]

1. e4 e5 2. Nf3 Nc6 3. Bb5 Nf6 4. d3 Bc5 5. Bxc6 dxc6 6. Nbd2 Be6 7. Qe2 Qd6 8. a3 a5 9. b3 h6 10. Bb2 Nd7 11. O-O O-O 12. h3 Rfe8 13. Rfd1 Qe7 14. Re1 Bd6 15. d4 exd4 16. Nxd4 Nf8 17. Nxe6 Qxe6 18. Qg4 Ng6 19. Rad1 b5 20. Nf3 Qxg4 21. hxg4 a4 22. b4 c5 23. bxc5 Bxc5 24. Rd5 Bf8 25. Rxb5 Rab8 26. Rxb8 Rxb8 27. Bd4 Nf4 28. Be5 Ne6 29. Ra1 Rb5 30. Kf1 f6 31. Bg3 Rc5 32. Rd1 Rc4 33. Rd3 Rxe4 34. Nd2 Rxg4 35. Rc3 h5 36. Bh2 c5 37. f3 Rd4 38. Ke1 Rh4 39. Bg3 Rh1+ 40. Kf2 h4 41. Bb8 Ra1 42. Ba7 Bd6 43. Ne4 Be5 44. Rc4 Bd4+ 45. Ke2 Rg1 46. Bxc5 Nf4+ 47. Kd2 Rxg2+ 48. Kd1 h3 0-1

[Event "45th FIDE Olympiad 2024"]
[Site "Budapest"]
[Date "2024.09.13"]
[Round "3.123"]
[White "Yang, Ching Wei"]
[Black "Ibarra Chami, Luis Fernando"]
[Result "0-1"]
[ECO "D38"]
[WhiteElo "2121"]
[BlackElo "2427"]
[Annotator "RC"]
[PlyCount "120"]
[EventDate "2024.09.05"]
[EventType "team-tourn"]
[EventCountry "HUN"]
[SourceTitle "playchess.com"]
[Source "ChessBase"]
[SourceQuality "1"]
[WhiteTeam "Chinese Taipei"]
[BlackTeam "Mexico"]
[BlackTeamCountry "MEX"]
[TimeControl "40/5400+30:1800+30"]

1. d4 d5 2. c4 e6 3. Nf3 Nf6 4. Nc3 Bb4 5. cxd5 exd5 6. Bg5 Nbd7 7. Qc2 c5 8. dxc5 Nxc5 9. a3 Bxc3+ 10. Qxc3 Nce4 11. Bxf6 Qxf6 12. Qxf6 Nxf6 13. e3 Be6 14. Rc1 Ke7 15. Bd3 Rac8 16. Ke2 Bg4 17. h3 Bxf3+ 18. Kxf3 Rc6 19. Rxc6 bxc6 20. e4 Rb8 21. b4 a5 22. Rb1 axb4 23. axb4 Kd6 24. Kf4 Re8 25. f3 Re5 26. g4 dxe4 27. fxe4 Nd7 28. Bc4 Re7 29. b5 Nb6 30. Be2 c5 31. Rd1+ Kc7 32. Ra1 Kb7 33. Bf3 Nc4 34. Rc1 Ne5 35. Be2 Kb6 36. Rd1 c4 37. Rd6+ Ka5 38. b6 f6 39. Rd4 Kxb6 40. Rd8 Kc5 41. Ke3 Kb4 42. Rh8 h6 43. Kd2 Ra7 44. h4 c3+ 45. Kc2 Ra2+ 46. Kd1 Rd2+ 47. Ke1 Nd3+ 48. Bxd3 Rxd3 49. Ke2 Rd4 50. Rb8+ Ka3 51. Ke3 Rd7 52. g5 c2 53. Rc8 Kb2 54. Rb8+ Kc1 55. Ke2 Rd2+ 56. Ke1 Rd4 57. Re8 Rc4 58. gxf6 gxf6 59. Re6 Kb2 60. Rb6+ Kc3 0-1

[Event "45th FIDE Olympiad 2024"]
[Site "Budapest"]
[Date "2024.09.13"]
[Round "3.124"]
[White "Palma Villanueva, Miguel Tadeo"]
[Black "Wang, Ting-Hao"]
[Result "1-0"]
[ECO "B27"]
[WhiteElo "2266"]
[BlackElo "1842"]
[Annotator "RC"]
[PlyCount "59"]
[EventDate "2024.09.05"]
[EventType "team-tourn"]
[EventCountry "HUN"]
[SourceTitle "playchess.com"]
[Source "ChessBase"]
[SourceQuality "1"]
[WhiteTeam "Mexico"]
[BlackTeam "Chinese Taipei"]
[WhiteTeamCountry "MEX"]
[TimeControl "40/5400+30:1800+30"]

1. e4 c6 2. c4 d5 3. exd5 cxd5 4. cxd5 Nf6 5. Bb5+ Nbd7 6. d4 g6 7. Nc3 Bg7 8. Nf3 O-O 9. Bxd7 Nxd7 10. O-O Nb6 11. Qb3 Bg4 12. Ne5 Bf5 13. Rd1 Rc8 14. Bf4 h5 15. h3 Kh7 16. Bh2 f6 17. Nd3 Bxd3 18. Rxd3 Qd7 19. Re1 f5 20. Be5 Nc4 21. Re2 a6 22. Rd1 Rfe8 23. Bxg7 Kxg7 24. Re6 Nd6 25. Rde1 Kf7 26. Ne2 Ne4 27. Nf4 g5 28. d6 Kf8 29. dxe7+ Kg7 30. Rg6+ 1-0

[Event "45th FIDE Olympiad 2024"]
[Site "Budapest"]
[Date "2024.09.13"]
[Round "3.125"]
[White "Cori, Jorge"]
[Black "Giron, Jorge Ernesto"]
[Result "1/2-1/2"]
[ECO "A61"]
[WhiteElo "2609"]
[BlackElo "2276"]
[Annotator "RC"]
[PlyCount "145"]
[EventDate "2024.09.05"]
[EventType "team-tourn"]
[EventCountry "HUN"]
[SourceTitle "playchess.com"]
[Source "ChessBase"]
[SourceQuality "1"]
[WhiteTeam "Peru"]
[BlackTeam "El Salvador"]
[WhiteTeamCountry "PER"]
[BlackTeamCountry "ESA"]
[TimeControl "40/5400+30:1800+30"]

1. d4 Nf6 2. c4 c5 3. d5 e6 4. Nc3 exd5 5. cxd5 d6 6. Nf3 g6 7. Bf4 a6 8. a4 Bg7 9. h3 O-O 10. e3 Ne8 11. Be2 Nd7 12. O-O Qe7 13. Re1 Rb8 14. Bf1 Ne5 15. Nxe5 dxe5 16. Bh2 Nd6 17. a5 Bd7 18. Na4 Bxa4 19. Qxa4 Rfc8 20. e4 b5 21. axb6 Rxb6 22. b3 f5 23. Qa5 Rxb3 24. Bxa6 Rc7 25. Rac1 fxe4 26. Rxc5 Rxc5 27. Qxc5 Bf8 28. Bg3 Qe8 29. Qc7 Qa8 30. Be2 Rb7 31. Qc1 Bg7 32. Bg4 h5 33. Be6+ Kh7 34. Qc3 Qa2 35. Qc5 Rb1 36. Rxb1 Qxb1+ 37. Kh2 Qb8 38. Bh4 Qf8 39. Qa7 Qf4+ 40. Bg3 Qf6 41. Kh1 Nb5 42. Qf7 Qxf7 43. Bxf7 Nd6 44. Be6 Bf6 45. Kg1 Kg7 46. Kf1 Kf8 47. Bh2 Nb5 48. Bd7 Nd4 49. Ba4 h4 50. d6 Kf7 51. Ke1 Ke6 52. Be8 g5 53. Bg6 Kxd6 54. Bxe4 Bd8 55. g3 Ba5+ 56. Kd1 Ke6 57. gxh4 gxh4 58. f3 Nb5 59. Bg1 Nc3+ 60. Kc2 Ne2 61. Bf2 Nf4 62. Bb7 Bd8 63. Bc8+ Kd5 64. Bf5 Bg5 65. Bb6 Be7 66. Kc3 Ne2+ 67. Kd2 Nf4 68. Ba5 Bg5 69. Kc2 Be7 70. Bb6 Bg5 71. Ba5 Be7 72. Bb6 Bg5 73. Ba5 1/2-1/2

[Event "45th FIDE Olympiad 2024"]
[Site "Budapest"]
[Date "2024.09.13"]
[Round "3.126"]
[White "Chavez, Ricardo Ernesto"]
[Black "Leiva, Gianmarco"]
[Result "1/2-1/2"]
[ECO "B81"]
[WhiteElo "2185"]
[BlackElo "2389"]
[Annotator "RC"]
[PlyCount "98"]
[EventDate "2024.09.05"]
[EventType "team-tourn"]
[EventCountry "HUN"]
[SourceTitle "playchess.com"]
[Source "ChessBase"]
[SourceQuality "1"]
[WhiteTeam "El Salvador"]
[BlackTeam "Peru"]
[WhiteTeamCountry "ESA"]
[BlackTeamCountry "PER"]
[TimeControl "40/5400+30:1800+30"]

1. e4 c5 2. Nf3 d6 3. d4 cxd4 4. Nxd4 Nf6 5. Nc3 a6 6. h3 e6 7. g4 h6 8. Bg2 Be7 9. Be3 Nc6 10. f4 Bd7 11. Qd2 Qc7 12. O-O Nxd4 13. Bxd4 e5 14. Be3 exf4 15. Rxf4 Be6 16. Nd5 Bxd5 17. exd5 O-O 18. Raf1 Nd7 19. Rf5 Ne5 20. Bxh6 Nc4 21. Qf4 gxh6 22. Rh5 Qb6+ 23. Kh1 Qxb2 24. Qxc4 Rac8 25. Qe4 Bg5 26. h4 Rce8 27. Qd3 Be3 28. g5 Qd4 29. Qf5 Qe5 30. Qxe5 Rxe5 31. Rxh6 Kg7 32. Rhf6 Re7 33. g6 Bd4 34. R6f4 Be5 35. Rxf7+ Rexf7 36. Rxf7+ Rxf7 37. gxf7 Kxf7 38. Bh3 b6 39. Kg2 Kf6 40. Kf3 Bc3 41. Ke4 Be1 42. h5 Kg5 43. Bf1 Kxh5 44. Bxa6 Kg5 45. Kd4 Kf6 46. Kc4 Ke7 47. Kb5 Bf2 48. Kc6 Bc5 49. Bd3 Be3 1/2-1/2

[Event "45th FIDE Olympiad 2024"]
[Site "Budapest"]
[Date "2024.09.13"]
[Round "3.127"]
[White "Flores Quillas, Diego Saul Rodri"]
[Black "Arias, Daniel"]
[Result "1/2-1/2"]
[ECO "B90"]
[WhiteElo "2451"]
[BlackElo "2213"]
[Annotator "RC"]
[PlyCount "82"]
[EventDate "2024.09.05"]
[EventType "team-tourn"]
[EventCountry "HUN"]
[SourceTitle "playchess.com"]
[Source "ChessBase"]
[SourceQuality "1"]
[WhiteTeam "Peru"]
[BlackTeam "El Salvador"]
[WhiteTeamCountry "PER"]
[BlackTeamCountry "ESA"]
[TimeControl "40/5400+30:1800+30"]

1. e4 c5 2. Nf3 d6 3. d4 cxd4 4. Nxd4 Nf6 5. Nc3 a6 6. h3 e5 7. Nde2 h5 8. Bg5 Be6 9. Bxf6 Qxf6 10. Nd5 Qd8 11. Nec3 g6 12. Bc4 Bh6 13. O-O O-O 14. Bb3 Nc6 15. Ne2 Na5 16. c3 Rc8 17. f4 exf4 18. Nexf4 Nxb3 19. axb3 Bxf4 20. Rxf4 Bxd5 21. Qxd5 Qb6+ 22. Kh1 Rc5 23. Qd1 Re8 24. Ra4 Rce5 25. Rd4 d5 26. Rxd5 Rxe4 27. Rxe4 Rxe4 28. Rd4 Qe6 29. Qf3 Re1+ 30. Kh2 Qe5+ 31. Qf4 Qxf4+ 32. Rxf4 Kg7 33. Rd4 Kf6 34. Kg3 Re2 35. Rd6+ Re6 36. Rd2 Ke7 37. Kf3 Rf6+ 38. Ke3 Re6+ 39. Kf3 Rf6+ 40. Ke3 Re6+ 41. Kf3 Rf6+ 1/2-1/2

[Event "45th FIDE Olympiad 2024"]
[Site "Budapest"]
[Date "2024.09.13"]
[Round "3.128"]
[White "Morales, Carlos"]
[Black "Delgado Romero, Marco"]
[Result "1/2-1/2"]
[ECO "A29"]
[WhiteElo "2131"]
[BlackElo "2390"]
[Annotator "RC"]
[PlyCount "148"]
[EventDate "2024.09.05"]
[EventType "team-tourn"]
[EventCountry "HUN"]
[SourceTitle "playchess.com"]
[Source "ChessBase"]
[SourceQuality "1"]
[WhiteTeam "El Salvador"]
[BlackTeam "Peru"]
[WhiteTeamCountry "ESA"]
[BlackTeamCountry "PER"]
[TimeControl "40/5400+30:1800+30"]

1. c4 e5 2. Nc3 Nf6 3. g3 d5 4. cxd5 Nxd5 5. Bg2 Nb6 6. Nf3 Nc6 7. O-O Be7 8. d3 O-O 9. Be3 Bg4 10. h3 Bh5 11. g4 Bg6 12. d4 Nc4 13. d5 Nb4 14. Bc1 Nc2 15. Rb1 e4 16. Nd4 Nxd4 17. Qxd4 Nd6 18. Be3 Bf6 19. Qa4 Re8 20. Rbd1 h5 21. Bd4 Bg5 22. Bc5 hxg4 23. hxg4 Bf4 24. e3 Be5 25. Bxd6 Bxd6 26. Nxe4 Bxe4 27. Bxe4 Qh4 28. f4 Qxg4+ 29. Kf2 Bc5 30. Rd4 f5 31. d6 fxe4 32. Qc4+ Re6 33. Rxe4 Qh4+ 34. Ke2 Qg4+ 35. Kd3 Kf7 36. Rxe6 Qxe6 37. Qxc5 Rd8 38. f5 Qxd6+ 39. Qxd6 Rxd6+ 40. Kc3 Kf6 41. Rg1 Rd7 42. e4 Ke5 43. Rg4 c5 44. b4 cxb4+ 45. Kxb4 Kd4 46. a4 Rc7 47. Kb3 a5 48. Rf4 Ke3 49. Rg4 Kf3 50. Rh4 Rc5 51. Rh7 Kxe4 52. Rxg7 Rxf5 53. Rxb7 Kd4 54. Rd7+ Kc5 55. Rc7+ Kb6 56. Rc4 Rf1 57. Rh4 Rb1+ 58. Ka3 Rd1 59. Rh6+ Kc5 60. Rh5+ Rd5 61. Rxd5+ Kxd5 62. Kb3 Kd4 63. Ka3 Kc3 64. Ka2 Kb4 65. Kb2 Kxa4 66. Ka2 Kb4 67. Kb2 a4 68. Ka2 a3 69. Ka1 Kb3 70. Kb1 Kb4 71. Ka2 Ka4 72. Ka1 Kb3 73. Kb1 a2+ 74. Ka1 Ka3 1/2-1/2

[Event "45th FIDE Olympiad 2024"]
[Site "Budapest"]
[Date "2024.09.13"]
[Round "3.129"]
[White "Tan, Jun Ying"]
[Black "Ferreira, Jorge Viterbo"]
[Result "1-0"]
[ECO "D35"]
[WhiteElo "2322"]
[BlackElo "2535"]
[Annotator "RC"]
[PlyCount "123"]
[EventDate "2024.09.05"]
[EventType "team-tourn"]
[EventCountry "HUN"]
[SourceTitle "playchess.com"]
[Source "ChessBase"]
[SourceQuality "1"]
[WhiteTeam "Malaysia"]
[BlackTeam "Portugal"]
[WhiteTeamCountry "MAS"]
[BlackTeamCountry "POR"]
[TimeControl "40/5400+30:1800+30"]

1. d4 d5 2. c4 e6 3. Nc3 Nf6 4. cxd5 exd5 5. Bg5 c6 6. e3 h6 7. Bh4 Be7 8. Bd3 O-O 9. Nge2 Re8 10. O-O a5 11. Rc1 Nbd7 12. f3 b5 13. Bf2 Ba6 14. Ng3 Bf8 15. Re1 a4 16. Nce2 Qb6 17. Nf4 c5 18. Bb1 cxd4 19. exd4 Rxe1+ 20. Qxe1 b4 21. b3 g6 22. Nd3 Bxd3 23. Bxd3 axb3 24. axb3 Bg7 25. Qd2 Ne8 26. Ne2 Nc7 27. h3 Ne6 28. Nf4 Nxf4 29. Qxf4 Nf8 30. Rc7 Bf6 31. Rc5 Bg5 32. Qg4 Ne6 33. Rxd5 Ra1+ 34. Kh2 Qc7+ 35. Re5 h5 36. Qe4 Qc1 37. Rxg5 Qxg5 38. Be3 Qd8 39. d5 Qd6+ 40. f4 Ng7 41. Bd4 Rd1 42. Be2 Rd2 43. Bf3 Nf5 44. Be5 Qb6 45. Ba1 Qb8 46. Be5 Qf8 47. Bxh5 f6 48. Ba1 Ra2 49. Bxg6 Nh4 50. Qe6+ Kg7 51. Be4 Rxa1 52. Qg4+ Kf7 53. Qe6+ Kg7 54. Qg4+ Kf7 55. Qxh4 Qc5 56. Qh7+ Ke8 57. Qg8+ Kd7 58. Bf5+ Kc7 59. Qc8+ Kb6 60. Qb8+ Ka6 61. Bd3+ Ka5 62. Qd8+ 1-0

[Event "45th FIDE Olympiad 2024"]
[Site "Budapest"]
[Date "2024.09.13"]
[Round "3.130"]
[White "Galego, Luis"]
[Black "Wong, Jianwen"]
[Result "0-1"]
[ECO "B25"]
[WhiteElo "2444"]
[BlackElo "2231"]
[Annotator "RC"]
[PlyCount "124"]
[EventDate "2024.09.05"]
[EventType "team-tourn"]
[EventCountry "HUN"]
[SourceTitle "playchess.com"]
[Source "ChessBase"]
[SourceQuality "1"]
[WhiteTeam "Portugal"]
[BlackTeam "Malaysia"]
[WhiteTeamCountry "POR"]
[BlackTeamCountry "MAS"]
[TimeControl "40/5400+30:1800+30"]

1. e4 c5 2. Nf3 Nc6 3. g3 g6 4. Bg2 Bg7 5. d3 d6 6. O-O e5 7. Nc3 Nge7 8. Nh4 O-O 9. f4 exf4 10. Bxf4 h6 11. Be3 Ne5 12. h3 Be6 13. Qd2 Kh7 14. Kh2 Rc8 15. Ne2 Qd7 16. c4 b5 17. cxb5 Qxb5 18. Rad1 a5 19. b3 N5c6 20. Nf3 Nb4 21. Nf4 Bd7 22. d4 c4 23. Rc1 c3 24. Rxc3 Rxc3 25. Qxc3 Rc8 26. Qe1 Nxa2 27. Nd2 Nb4 28. Qf2 Rc2 29. Rd1 Kg8 30. Kg1 a4 31. bxa4 Qxa4 32. Rb1 Nec6 33. Nd5 Nxd5 34. exd5 Nxd4 35. Rb8+ Rc8 36. Rxc8+ Bxc8 37. Ne4 Nf5 38. Bb6 Qa1+ 39. Qf1 Qb2 40. Qf2 Qb1+ 41. Kh2 Be5 42. Ba5 Qa1 43. Qe1 Qxe1 44. Bxe1 Kg7 45. Kg1 Bb7 46. Bb4 Bxd5 47. Nxd6 Bxd6 48. Bc3+ f6 49. Bxd5 Bxg3 50. Be6 Ne7 51. Kg2 Be5 52. Bb4 Nc6 53. Bc5 f5 54. h4 Kf6 55. Bd7 Nd8 56. Bf8 Bf4 57. h5 g5 58. Bxh6 Bd6 59. Be8 Be7 60. Kf3 Nf7 61. Bxf7 Kxf7 62. Ke3 Kg8 0-1

[Event "45th FIDE Olympiad 2024"]
[Site "Budapest"]
[Date "2024.09.13"]
[Round "3.131"]
[White "Ang, Ern Jie Anderson"]
[Black "Pereira, Ruben"]
[Result "1-0"]
[ECO "A95"]
[WhiteElo "2132"]
[BlackElo "2457"]
[Annotator "RC"]
[PlyCount "107"]
[EventDate "2024.09.05"]
[EventType "team-tourn"]
[EventCountry "HUN"]
[SourceTitle "playchess.com"]
[Source "ChessBase"]
[SourceQuality "1"]
[WhiteTeam "Malaysia"]
[BlackTeam "Portugal"]
[WhiteTeamCountry "MAS"]
[BlackTeamCountry "POR"]
[TimeControl "40/5400+30:1800+30"]

1. Nf3 Nf6 2. g3 d5 3. Bg2 e6 4. O-O Be7 5. d4 Ne4 6. c4 f5 7. Qc2 O-O 8. Nc3 c6 9. Rb1 a5 10. a3 Nd7 11. Rd1 g5 12. b4 g4 13. Ne5 Nxc3 14. Qxc3 axb4 15. axb4 Nxe5 16. dxe5 Bd7 17. Bh6 Rf7 18. Qe3 dxc4 19. Qd4 Bg5 20. Bxg5 Qxg5 21. Qxc4 f4 22. Rd4 Raf8 23. e3 Qf5 24. Be4 Qxe5 25. exf4 Qg7 26. Re1 Kh8 27. Bc2 Rf6 28. Qc5 Be8 29. Rd8 Bd7 30. Rxf8+ Rxf8 31. Re5 Be8 32. Rg5 Bg6 33. Qd6 Ra8 34. Bxg6 hxg6 35. Qxe6 Qd4 36. Rxg4 Ra1+ 37. Kg2 Qd5+ 38. Qxd5 cxd5 39. Rxg6 d4 40. Rd6 Rd1 41. Kf3 d3 42. Ke3 Re1+ 43. Kd2 Re2+ 44. Kxd3 Rxf2 45. g4 Rxf4 46. Rd4 Rf3+ 47. Kc4 Rh3 48. Kc5 Rxh2 49. Kb6 Kg7 50. Kxb7 Kf6 51. Re4 Rb2 52. Kb6 Kg5 53. b5 Kh4 54. Kc5 1-0

[Event "45th FIDE Olympiad 2024"]
[Site "Budapest"]
[Date "2024.09.13"]
[Round "3.132"]
[White "Sousa, Andre Ventura"]
[Black "Azhar, Muhd Syakir Shazmeer"]
[Result "1-0"]
[ECO "C88"]
[WhiteElo "2403"]
[BlackElo "2086"]
[Annotator "RC"]
[PlyCount "83"]
[EventDate "2024.09.05"]
[EventType "team-tourn"]
[EventCountry "HUN"]
[SourceTitle "playchess.com"]
[Source "ChessBase"]
[SourceQuality "1"]
[WhiteTeam "Portugal"]
[BlackTeam "Malaysia"]
[WhiteTeamCountry "POR"]
[BlackTeamCountry "MAS"]
[TimeControl "40/5400+30:1800+30"]

1. e4 e5 2. Nf3 Nc6 3. Bb5 a6 4. Ba4 Nf6 5. d3 b5 6. Bb3 Be7 7. a4 b4 8. a5 d6 9. O-O O-O 10. Re1 Be6 11. Bc4 Qd7 12. Nbd2 Rfe8 13. Bxe6 fxe6 14. c3 Rab8 15. Nc4 Bf8 16. Bd2 Qf7 17. Qa4 Na7 18. cxb4 Rb7 19. Rac1 Reb8 20. h3 Nb5 21. Na3 Na7 22. Qc2 h6 23. Qc4 Nb5 24. Qc6 Nh5 25. Nxb5 Rxb5 26. Qxa6 Nf4 27. Bxf4 exf4 28. Qc6 Rxb4 29. Ra1 Qe8 30. Rec1 Rxb2 31. Qxe8 Rxe8 32. Rxc7 Ra8 33. a6 Rb6 34. a7 d5 35. e5 Rb3 36. Nd4 Rxd3 37. Nxe6 Rb3 38. Nxf8 Kxf8 39. Rac1 Re8 40. Rc8 Ra3 41. Rxe8+ Kxe8 42. Rc8+ 1-0

[Event "45th FIDE Olympiad 2024"]
[Site "Budapest"]
[Date "2024.09.13"]
[Round "3.133"]
[White "Kantor, Gergely"]
[Black "Eltigani, Omar"]
[Result "1-0"]
[ECO "B41"]
[WhiteElo "2537"]
[BlackElo "2241"]
[Annotator "RC"]
[PlyCount "59"]
[EventDate "2024.09.05"]
[EventType "team-tourn"]
[EventCountry "HUN"]
[SourceTitle "playchess.com"]
[Source "ChessBase"]
[SourceQuality "1"]
[WhiteTeam "Hungary C"]
[BlackTeam "Sudan"]
[BlackTeamCountry "SUD"]
[TimeControl "40/5400+30:1800+30"]

1. e4 c5 2. Nf3 e6 3. d4 cxd4 4. Nxd4 a6 5. c4 Nf6 6. Nc3 Qc7 7. Be2 Bb4 8. Nc2 Be7 9. O-O d6 10. Be3 Nbd7 11. f4 b6 12. Bf3 Bb7 13. Nd4 Rc8 14. Rc1 Nc5 15. Qc2 Qb8 16. Bf2 O-O 17. Qe2 Rfd8 18. g4 d5 19. exd5 Qxf4 20. Rcd1 h5 21. Bg3 Qh6 22. b4 hxg4 23. Bg2 Nh5 24. bxc5 Nxg3 25. hxg3 Bxc5 26. Ne4 Be7 27. dxe6 fxe6 28. Nf2 Bxg2 29. Kxg2 Rd6 30. Nxg4 1-0

[Event "45th FIDE Olympiad 2024"]
[Site "Budapest"]
[Date "2024.09.13"]
[Round "3.134"]
[White "Ahmed, Hassan"]
[Black "Krstulovic, Alex"]
[Result "1/2-1/2"]
[ECO "A09"]
[WhiteElo "2234"]
[BlackElo "2452"]
[Annotator "RC"]
[PlyCount "73"]
[EventDate "2024.09.05"]
[EventType "team-tourn"]
[EventCountry "HUN"]
[SourceTitle "playchess.com"]
[Source "ChessBase"]
[SourceQuality "1"]
[WhiteTeam "Sudan"]
[BlackTeam "Hungary C"]
[WhiteTeamCountry "SUD"]
[TimeControl "40/5400+30:1800+30"]

1. g3 d5 2. Bg2 e5 3. c4 d4 4. d3 Nc6 5. Nf3 Bc5 6. O-O Nge7 7. Nbd2 Ng6 8. Nb3 Be7 9. e3 O-O 10. exd4 exd4 11. Ne1 a5 12. a3 Bf5 13. f4 Qd7 14. Nd2 Rfe8 15. Ne4 a4 16. b4 axb3 17. Qxb3 Ra6 18. Bd2 Rb6 19. Qd1 Ra8 20. Nf2 Be6 21. Nc2 Bf8 22. Re1 Nge7 23. Rb1 Nc8 24. Rxb6 Nxb6 25. Qe2 Bc5 26. Ne4 Be7 27. Qh5 Bf5 28. Qd1 h6 29. Qb1 Nd8 30. Bb4 Ne6 31. Bxe7 Qxe7 32. Qb5 g6 33. Qe5 Nd7 34. Qb5 Nb6 35. Qe5 Nd7 36. Qb5 Nb6 37. Qe5 1/2-1/2

[Event "45th FIDE Olympiad 2024"]
[Site "Budapest"]
[Date "2024.09.13"]
[Round "3.135"]
[White "Juhasz, Agoston"]
[Black "Nader, Obeid"]
[Result "1-0"]
[ECO "B12"]
[WhiteElo "2427"]
[BlackElo "2083"]
[Annotator "RC"]
[PlyCount "49"]
[EventDate "2024.09.05"]
[EventType "team-tourn"]
[EventCountry "HUN"]
[SourceTitle "playchess.com"]
[Source "ChessBase"]
[SourceQuality "1"]
[WhiteTeam "Hungary C"]
[BlackTeam "Sudan"]
[BlackTeamCountry "SUD"]
[TimeControl "40/5400+30:1800+30"]

1. e4 c6 2. d4 d5 3. e5 c5 4. dxc5 e6 5. Qh5 Nc6 6. Nf3 Bxc5 7. Bd3 g6 8. Qh3 Qc7 9. Qg3 Nd4 10. Nbd2 Ne7 11. Nxd4 Bxd4 12. Nf3 Bc3+ 13. Kf1 Nf5 14. Qf4 g5 15. Qxg5 Bxe5 16. Nxe5 Qxe5 17. g4 h6 18. Qh5 Bd7 19. gxf5 O-O-O 20. Rg1 Qf6 21. fxe6 Bxe6 22. Rg3 Rdg8 23. c3 Rxg3 24. hxg3 Rg8 25. Bf4 1-0